BSA
NEW ORLEANS LOOTERS @ KANSAS CITY KINGS
05/13/2027
 
TOP OF THE 1ST
New Orleans Looters batting - Pitching for Kansas City Kings : RHP Ron Young
Pitching: RHP Ron Young
Batting: RHB Rubén Vázquez 0-0: Ground out 6-3 (Groundball, 6)
Batting: RHB Stephen Shaw 0-0: Swinging Strike
0-1: Ball
1-1: Called Strike
1-2: Foul Ball, location: 2F
1-2: Strikes out swinging, 2-3 out at first.
Batting: LHB Seung-chun Mun 0-0: Ball
1-0: Ground out 3-1 (Groundball, 3S)
Top of the 1st over - 0 run(s), 0 hit(s), 0 error(s), 0 left on base; New Orleans 0 - Kansas City 0
BOTTOM OF THE 1ST
Kansas City Kings batting - Pitching for New Orleans Looters : RHP Roy March
Pitching: RHP Roy March
Batting: RHB Chris Chandler 0-0: Called Strike
0-1: Ball
1-1: Called Strike
1-2: Ball
2-2: SINGLE (Groundball, 6MD)
Batting: RHB Toshimichi Kono 0-0: Called Strike
0-1: DOUBLE (Line Drive, 7LM)
Chris Chandler to third
Batting: SHB José Cruz 0-0: Foul Ball, location: 2F
0-1: Ball
1-1: Foul Ball, location: 2F
1-2: DOUBLE (Flyball, 7D)
Chris Chandler scores
Toshimichi Kono scores
Batting: LHB Pablo Reyes 0-0: Ball
1-0: Ball
2-0: Called Strike
2-1: Ball
3-1: Foul Ball, location: 2F
3-2: Foul Ball, location: 2F
3-2: Strikes out swinging
Batting: LHB Brian Boone 0-0: Ground out 3-1 (Groundball, 34)
José Cruz to third
Batting: LHB Bruno Lalonde 0-0: Called Strike
0-1: Foul Ball, location: 2F
0-2: Ball
1-2: Fly out, F7 (Flyball, 7S)
Bottom of the 1st over - 2 run(s), 3 hit(s), 0 error(s), 1 left on base; New Orleans 0 - Kansas City 2
TOP OF THE 2ND
New Orleans Looters batting - Pitching for Kansas City Kings : RHP Ron Young
Batting: LHB Luis Sánchez 0-0: Ball
1-0: Foul Ball, location: 2F
1-1: Fly out, F6 (Line Drive, 6M)
Batting: SHB Oliver Deleón 0-0: Ball
1-0: Foul Ball, location: 2F
1-1: Called Strike
1-2: Hit by Pitch
Batting: RHB Dave O'Loan 0-0: SINGLE (Groundball, 56D)
Oliver Deleón to second
Batting: SHB Nate Rhodes 0-0: Called Strike
0-1: Ball
1-1: Ball
2-1: Foul Ball, location: 2F
2-2: Foul Ball, location: 2F
2-2: Strikes out swinging
Batting: RHB Ángel Castaneda 0-0: Called Strike
0-1: Called Strike
0-2: Strikes out swinging passed ball, reaches first!
Oliver Deleón to third
Dave O'Loan to second
Batting: RHB Tim Gardner 0-0: Swinging Strike
0-1: Ball
1-1: Ball
2-1: Foul Ball, location: 2F
2-2: Ball
3-2: SINGLE (Groundball, 56D)
Oliver Deleón scores
Dave O'Loan to third
Ángel Castaneda to second
Dave O'Loan scores
Ángel Castaneda to third
Batting: RHB Rubén Vázquez 0-0: Ball
1-0: Foul Ball, location: 2F
1-1: Ball
2-1: Foul Ball, location: 2F
2-2: Foul Ball, location: 2F
2-2: Foul Ball, location: 2F
2-2: Ball
3-2: Strikes out looking
Top of the 2nd over - 2 run(s), 2 hit(s), 0 error(s), 2 left on base; New Orleans 2 - Kansas City 2
BOTTOM OF THE 2ND
Kansas City Kings batting - Pitching for New Orleans Looters : RHP Roy March
Batting: SHB António De La Cruz 0-0: Called Strike
0-1: Swinging Strike
0-2: Foul Ball, location: 2F
0-2: Strikes out looking
Batting: RHB Eric Fuller 0-0: Ball
1-0: Ball
2-0: SINGLE (Line Drive, 6D)
Batting: RHB Raúl Bruno 0-0: Called Strike
0-1: Called Strike
0-2: Strikes out looking
Batting: RHB Chris Chandler 0-0: Ball
1-0: Called Strike
1-1: Called Strike
1-2: Ground out 5-3 (Groundball, 56S)
Bottom of the 2nd over - 0 run(s), 1 hit(s), 0 error(s), 1 left on base; New Orleans 2 - Kansas City 2
TOP OF THE 3RD
New Orleans Looters batting - Pitching for Kansas City Kings : RHP Ron Young
Batting: RHB Stephen Shaw 0-0: Ball
1-0: Ball
2-0: Foul Ball, location: 2F
2-1: Foul Ball, location: 2F
2-2: SINGLE (Line Drive, 78M)
Batting: LHB Seung-chun Mun 0-0: Ball
1-0: Ball
2-0: Foul Ball, location: 2F
2-1: Foul Ball, location: 2F
2-2: Fly out, F8 (Line Drive, 78M)
Batting: LHB Luis Sánchez 0-0: Called Strike
0-1: Ball
1-1: Ball
2-1: Swinging Strike
2-2: Foul Ball, location: 2F
2-2: Foul Ball, location: 2F
2-2: Foul Ball, location: 2F
2-2: Fly out, F7 (Flyball, 78M)
Batting: SHB Oliver Deleón 0-0: Called Strike
0-1: Fielders Choice at 2nd, 5-4 (Groundball, 56)
Top of the 3rd over - 0 run(s), 1 hit(s), 0 error(s), 0 left on base; New Orleans 2 - Kansas City 2
BOTTOM OF THE 3RD
Kansas City Kings batting - Pitching for New Orleans Looters : RHP Roy March
Batting: RHB Toshimichi Kono 0-0: Swinging Strike
0-1: Swinging Strike
0-2: Fly out, F8 (Flyball, 78D)
Batting: SHB José Cruz 0-0: SINGLE (Groundball, 34D)
Batting: LHB Pablo Reyes 0-0: Called Strike
0-1: Foul Ball, location: 2F
0-2: Ball
1-2: Ball
2-2: Ball
3-2: Foul Ball, location: 2F
3-2: Fielders Choice at 2nd, 1-6 (Groundball, P)
Batting: LHB Brian Boone 0-0: Fielders Choice at 2nd, 4-6 (Groundball, 34)
Bottom of the 3rd over - 0 run(s), 1 hit(s), 0 error(s), 0 left on base; New Orleans 2 - Kansas City 2
TOP OF THE 4TH
New Orleans Looters batting - Pitching for Kansas City Kings : RHP Ron Young
Batting: RHB Dave O'Loan 0-0: Swinging Strike
0-1: Foul Ball, location: 2F
0-2: Ball
1-2: Ball
2-2: SINGLE (Groundball, 6MD)
Batting: SHB Nate Rhodes 0-0: Ball
1-0: Called Strike
1-1: Ball
2-1: Swinging Strike
2-2: Strikes out looking
Batting: RHB Ángel Castaneda 0-0: Ball
1-0: Foul Ball, location: 2F
1-1: Hit by Pitch
Dave O'Loan to second
Batting: RHB Tim Gardner 0-0: Ball
1-0: Called Strike
1-1: Called Strike
1-2: Strikes out swinging
Batting: RHB Rubén Vázquez 0-0: Called Strike
0-1: Fielders Choice at 2nd, 4-6 (Groundball, 4)
Top of the 4th over - 0 run(s), 1 hit(s), 0 error(s), 1 left on base; New Orleans 2 - Kansas City 2
BOTTOM OF THE 4TH
Kansas City Kings batting - Pitching for New Orleans Looters : RHP Roy March
Batting: LHB Bruno Lalonde 0-0: Ball
1-0: Foul Ball, location: 2F
1-1: SINGLE (Groundball, 3S) (infield hit)
Batting: SHB António De La Cruz 0-0: Ball
Bruno Lalonde is caught stealing 2nd base
1-0: TRIPLE (Groundball, 3L)
Batting: RHB Eric Fuller 0-0: Ball
1-0: Called Strike
1-1: Foul Ball, location: 2F
1-2: Foul Ball, location: 2F
1-2: Ball
2-2: SINGLE (Groundball, 4MD)
António De La Cruz scores
Batting: RHB Raúl Bruno 0-0: Called Strike
0-1: Ball
1-1: Ball
2-1: Foul Ball, location: 2F
2-2: Ground out 5-3 (Groundball, 56S)
Eric Fuller to second
Batting: RHB Chris Chandler 0-0: Called Strike
0-1: Ball
1-1: Ball
2-1: DOUBLE (Line Drive, 7D)
Eric Fuller scores
Batting: RHB Toshimichi Kono 0-0: Foul Ball, location: 2F
0-1: Ball
1-1: Foul Ball, location: 2F
1-2: Fly out, F9 (Flyball, 9)
Bottom of the 4th over - 2 run(s), 4 hit(s), 0 error(s), 1 left on base; New Orleans 2 - Kansas City 4
TOP OF THE 5TH
New Orleans Looters batting - Pitching for Kansas City Kings : RHP Ron Young
Batting: RHB Stephen Shaw 0-0: Ball
1-0: Ball
2-0: Ball
3-0: Called Strike
3-1: Called Strike
3-2: Foul Ball, location: 2F
3-2: Base on Balls
Pitching: LHP Tim Miller
Batting: LHB Seung-chun Mun 0-0: Fly out, F8 (Flyball, 8LM)
Batting: LHB Luis Sánchez 0-0: Ball
1-0: Ball
2-0: Called Strike
2-1: Foul Ball, location: 2F
2-2: Ball
3-2: Foul Ball, location: 2F
3-2: SINGLE (Groundball, 4MD)
Stephen Shaw to second
Batting: SHB Oliver Deleón 0-0: Called Strike
0-1: Ball
1-1: Ball
2-1: Grounds into double play, 6-4-3 (Groundball, 6M)
Top of the 5th over - 0 run(s), 1 hit(s), 0 error(s), 1 left on base; New Orleans 2 - Kansas City 4
BOTTOM OF THE 5TH
Kansas City Kings batting - Pitching for New Orleans Looters : RHP Roy March
Batting: SHB José Cruz 0-0: Called Strike
0-1: Ball
1-1: Foul Ball, location: 2F
1-2: Ball
2-2: SOLO HOME RUN (Flyball, 8LXD), Distance : 393 ft
Pitching: RHP Robbie Daniel
Batting: LHB Pablo Reyes 0-0: Ball
1-0: Called Strike
1-1: Ball
2-1: Ball
3-1: Fly out, F6 (Popup, 4MS)
Batting: LHB Brian Boone 0-0: Ball
1-0: Foul Ball, location: 2F
1-1: Ball
2-1: Foul Ball, location: 2F
2-2: Ball
3-2: Strikes out swinging
Batting: LHB Bruno Lalonde 0-0: Foul Ball, location: 2F
0-1: Ball
1-1: Ball
2-1: Foul Ball, location: 2F
2-2: Foul Ball, location: 2F
2-2: Fly out, F8 (Flyball, 8RM)
Bottom of the 5th over - 1 run(s), 1 hit(s), 0 error(s), 0 left on base; New Orleans 2 - Kansas City 5
TOP OF THE 6TH
New Orleans Looters batting - Pitching for Kansas City Kings : LHP Tim Miller
Batting: RHB Dave O'Loan 0-0: Called Strike
0-1: Ball
1-1: Ball
2-1: Called Strike
2-2: Foul Ball, location: 2F
2-2: Ground out 6-3 (Groundball, 56)
Batting: SHB Nate Rhodes 0-0: Ball
1-0: Ball
2-0: Called Strike
2-1: SINGLE (Flyball, 4MD)
Batting: RHB Ángel Castaneda 0-0: Called Strike
0-1: SINGLE (Line Drive, 7S)
Nate Rhodes to second
Batting: RHB Tim Gardner 0-0: Called Strike
0-1: Fly out, F7 (Flyball, 7)
Batting: RHB Rubén Vázquez 0-0: Called Strike
0-1: SINGLE (Line Drive, 7LM)
Nate Rhodes to third
Ángel Castaneda to second
Runner from 3rd tries for Home, SAFE, throw made at trailing runner, OUT at third!
Top of the 6th over - 1 run(s), 3 hit(s), 0 error(s), 1 left on base; New Orleans 3 - Kansas City 5
BOTTOM OF THE 6TH
Kansas City Kings batting - Pitching for New Orleans Looters : RHP Robbie Daniel
Batting: SHB António De La Cruz 0-0: Foul Ball, location: 2F
0-1: Fly out, F7 (Flyball, 7S)
Batting: RHB Eric Fuller 0-0: Called Strike
0-1: Ball
1-1: Ball
2-1: Called Strike
2-2: Ball
3-2: Strikes out swinging
Batting: RHB Raúl Bruno 0-0: Called Strike
0-1: Called Strike
0-2: Ball
1-2: Foul Ball, location: 2F
1-2: Ball
2-2: Fly out, F7 (Flyball, 7)
Bottom of the 6th over - 0 run(s), 0 hit(s), 0 error(s), 0 left on base; New Orleans 3 - Kansas City 5
TOP OF THE 7TH
New Orleans Looters batting - Pitching for Kansas City Kings : LHP Tim Miller
Batting: RHB Stephen Shaw 0-0: Ball
1-0: Ball
2-0: Ball
3-0: Ground out 6-3 (Groundball, 6)
Batting: LHB Seung-chun Mun 0-0: Ball
1-0: Called Strike
1-1: Swinging Strike
1-2: Ball
2-2: Ball
3-2: Foul Ball, location: 2F
3-2: Foul Ball, location: 2F
3-2: Foul Ball, location: 2F
3-2: SINGLE (Groundball, 6MD)
Batting: LHB Luis Sánchez 0-0: Called Strike
0-1: Ball
1-1: Foul Ball, location: 2F
1-2: Strikes out looking
Batting: SHB Oliver Deleón 0-0: Ball
1-0: Foul Ball, location: 2F
1-1: Fly out, F3 (Popup, 3L)
Top of the 7th over - 0 run(s), 1 hit(s), 0 error(s), 1 left on base; New Orleans 3 - Kansas City 5
BOTTOM OF THE 7TH
Kansas City Kings batting - Pitching for New Orleans Looters : RHP Robbie Daniel
Batting: RHB Chris Chandler 0-0: Ball
1-0: Ball
2-0: Ball
3-0: Base on Balls
Batting: RHB Toshimichi Kono 0-0: Ball
1-0: Fly out, F9 (Flyball, 9LM)
Batting: SHB José Cruz 0-0: Ball
1-0: Ball
2-0: Swinging Strike
2-1: Swinging Strike
2-2: Foul Ball, location: 2F
2-2: Grounds into double play, 6-4-3 (Groundball, 6MD)
Bottom of the 7th over - 0 run(s), 0 hit(s), 0 error(s), 0 left on base; New Orleans 3 - Kansas City 5
TOP OF THE 8TH
New Orleans Looters batting - Pitching for Kansas City Kings : LHP Tim Miller
Batting: RHB Dave O'Loan 0-0: Called Strike
0-1: Ball
1-1: Ball
2-1: SINGLE (Line Drive, 56)
Pitching: RHP Mike Hodges
Batting: SHB Nate Rhodes 0-0: Ball
1-0: Ball
2-0: Fly out, F8 (Flyball, 8RS)
Batting: RHB Ángel Castaneda 0-0: Called Strike
0-1: Ball
1-1: Ball
2-1: Ball
3-1: Foul Ball, location: 2F
3-2: Foul Ball, location: 2F
3-2: Strikes out swinging
Dave O'Loan steals 2nd base
Batter strikes out.
Batting: RHB Tim Gardner 0-0: Foul Ball, location: 2F
0-1: Ground out 6-3 (Groundball, 6)
Top of the 8th over - 0 run(s), 1 hit(s), 0 error(s), 1 left on base; New Orleans 3 - Kansas City 5
BOTTOM OF THE 8TH
Kansas City Kings batting - Pitching for New Orleans Looters : RHP Robbie Daniel
Pitching: RHP Ienobu Sato
Batting: LHB Pablo Reyes 0-0: Fly out, F9 (Flyball, 9S)
Batting: LHB Brian Boone 0-0: Ball
1-0: Ball
2-0: Ground out U3 (Groundball, 23)
Batting: LHB Bruno Lalonde 0-0: Foul Ball, location: 2F
0-1: Foul Ball, location: 2F
0-2: Foul Ball, location: 2F
0-2: Strikes out swinging
Bottom of the 8th over - 0 run(s), 0 hit(s), 0 error(s), 0 left on base; New Orleans 3 - Kansas City 5
TOP OF THE 9TH
New Orleans Looters batting - Pitching for Kansas City Kings : RHP Mike Hodges
Pitching: LHP Ignacio Colón
Batting: RHB Rubén Vázquez 0-0: Ball
1-0: Called Strike
1-1: Ball
2-1: Foul Ball, location: 2F
2-2: Ball
3-2: Ground out 6-3 (Groundball, 56)
Batting: RHB Stephen Shaw 0-0: Foul Ball, location: 2F
0-1: Called Strike
0-2: Ball
1-2: Ball
2-2: DOUBLE (Flyball, 78XD)
Batting: LHB Seung-chun Mun 0-0: Ball
1-0: Ball
2-0: Foul Ball, location: 2F
2-1: Called Strike
2-2: Foul Ball, location: 2F
2-2: Fly out, F9 (Flyball, 89D)
Runner from 2nd tags up, SAFE at 3rd, no throw
Batting: LHB Luis Sánchez 0-0: Ball
1-0: Called Strike
1-1: Swinging Strike
1-2: Ball
2-2: Ground out 4-3 (Groundball, 4)
Top of the 9th over - 0 run(s), 1 hit(s), 0 error(s), 1 left on base; New Orleans 3 - Kansas City 5
Thursday, March 30th, 2017 - OOTP Baseball 17.12 Build 75